[ AOE2 MATCH · #473656284 ]
UnrankedHindustanis vs Goths
[ REPLAY ANALYSIS · EXTRACTED FROM THE RECORDED GAME ]
Feudal
—
Castle
—
Imperial
—
| APM avg | 7.0 |
| APM peak | 28 |
| eAPM avg | 5.1 |
| Villagers / military | 43 / 0 |
Focus
⚔️ 8.2% · 🌾 91.8%
Feudal
14:45
Castle
33:10
Imperial
—
| APM avg | 10.6 |
| APM peak | 35 |
| eAPM avg | 7.1 |
| Villagers / military | 77 / 23 |
Focus
⚔️ 11.3% · 🌾 88.7%
Fishing Ship ×23 · Spearman ×12 · Skirmisher ×11
Feudal
17:27
Castle
22:32
Imperial
30:45
| APM avg | 15.8 |
| APM peak | 41 |
| eAPM avg | 9.7 |
| Villagers / military | 119 / 23 |
Focus
⚔️ 13.2% · 🌾 86.8%
Fishing Ship ×45 · Huskarl ×15 · Trebuchet (Packed) ×5 · Demolition Raft ×2 · Monk ×1
Feudal
22:13
Castle
32:23
Imperial
—
| APM avg | 8.3 |
| APM peak | 37 |
| eAPM avg | 5.2 |
| Villagers / military | 53 / 11 |
Focus
⚔️ 14.7% · 🌾 85.3%
Samurai ×11 · Trade Cart ×2
Feudal
15:12
Castle
21:16
Imperial
37:42
| APM avg | 18.6 |
| APM peak | 47 |
| eAPM avg | 12.5 |
| Villagers / military | 100 / 69 |
Focus
⚔️ 18.5% · 🌾 81.5%
Scout Cavalry ×69
Feudal
18:34
Castle
28:03
Imperial
—
| APM avg | 9.2 |
| APM peak | 45 |
| eAPM avg | 4.3 |
| Villagers / military | 42 / 27 |
Focus
⚔️ 23.7% · 🌾 76.3%
Skirmisher ×20 · Fishing Ship ×20 · Spearman ×2 · Scout Cavalry ×2 · Flemish Militia ×2 · Militia ×1
Feudal
17:38
Castle
26:02
Imperial
—
| APM avg | 19.0 |
| APM peak | 40 |
| eAPM avg | 7.5 |
| Villagers / military | 67 / 36 |
Focus
⚔️ 27.3% · 🌾 72.7%
Cavalry Archer ×17 · Scout Cavalry ×7 · Militia ×6 · Archer ×3 · Tarkan ×3
Feudal
14:13
Castle
17:43
Imperial
30:18
| APM avg | 40.2 |
| APM peak | 88 |
| eAPM avg | 21.4 |
| Villagers / military | 120 / 84 |
Focus
⚔️ 25.2% · 🌾 74.8%
Conquistador ×77 · Fishing Ship ×34 · Trebuchet (Packed) ×7
Match map
Initial resources + every placement click. Lines = walls · curves = elevation contours. ◆ gold · ⬟ stone · ● berries · ✦ relic · ◌ wall gap
Inputs per minute
— ColonelPacha - - Lence4
Build order — ColonelPacha
82 actions detected in the replay
| 2:41 | Build | Town Center |
| 3:05 | Build | House |
| 4:37 | Research | Loom |
| 4:37 | Create | Villager (Male) |
| 4:38 | Create | Villager (Male) |
| 4:38 | Create | Villager (Male) |
| 4:38 | Create | Villager (Male) |
| 4:38 | Create | Villager (Male) |
| 6:00 | Build | House |
| 6:03 | Create | Villager (Male) |
| 6:04 | Create | Villager (Male) |
| 6:28 | Create | Villager (Male) |
| 6:55 | Build | Lumber Camp |
| 7:00 | Create | Villager (Male) |
| 7:00 | Create | Villager (Male) |
| 7:31 | Create | Villager (Male) |
| 7:31 | Create | Villager (Male) |
| 7:38 | Build | House |
| 7:44 | Create | Villager (Male) |
| 7:44 | Create | Villager (Male) |
| 8:26 | Create | Villager (Male) |
| 8:27 | Create | Villager (Male) |
| 8:46 | Build | House |
| 8:54 | Create | Villager (Male) |
| 9:26 | Create | Villager (Male) |
| 9:26 | Create | Villager (Male) |
| 9:26 | Create | Villager (Male) |
| 10:06 | Create | Villager (Male) |
| 10:07 | Create | Villager (Male) |
| 11:04 | Create | Villager (Male) |
| 11:04 | Create | Villager (Male) |
| 11:45 | Build | Mill |
| 11:56 | Create | Villager (Male) |
| 11:56 | Create | Villager (Male) |
| 12:05 | Build | Mill |
| 12:45 | Create | Villager (Male) |
| 13:01 | Build | House |
| 13:17 | Create | Villager (Male) |
| 13:17 | Create | Villager (Male) |
| 13:26 | Build | Mill |
| 14:11 | Create | Villager (Male) |
| 14:27 | Create | Villager (Male) |
| 14:39 | Build | Mining Camp |
| 15:06 | Create | Villager (Male) |
| 15:11 | Research | Feudal Age |
| 15:37 | Build | House |
| 16:18 | Build | House |
| 16:30 | Build | Farm |
| 16:39 | Build | Farm |
| 17:09 | Build | House |
| 17:37 | Build | Farm |
| 17:44 | Build | Farm |
| 17:47 | Research | Double-Bit Axe |
| 17:57 | Research | Town Watch |
| 18:01 | Research | Wheelbarrow |
| 19:05 | Research | Gold Mining |
| 19:18 | Build | Watch Tower |
| 19:40 | Build | Mining Camp |
| 19:46 | Create | Villager (Male) |
| 19:46 | Create | Villager (Male) |
| 19:46 | Create | Villager (Male) |
| 20:15 | Research | Stone Mining |
| 20:20 | Build | Farm |
| 20:44 | Build | Farm |
| 21:10 | Build | Farm |
| 21:23 | Build | Watch Tower |
| 21:29 | Create | Villager (Male) |
| 21:29 | Create | Villager (Male) |
| 21:38 | Build | Farm |
| 22:02 | Create | Villager (Male) |
| 22:03 | Create | Villager (Male) |
| 22:29 | Create | Villager (Male) |
| 22:29 | Create | Villager (Male) |
| 22:54 | Build | Farm |
| 22:59 | Build | Farm |
| 23:04 | Build | Blacksmith |
| 23:31 | Create | Villager (Male) |
| 23:32 | Create | Villager (Male) |
| 23:55 | Build | Lumber Camp |
| 24:09 | Research | Fletching |
| 27:26 | Build | Lumber Camp |
| 28:57 | Build | Town Center |
Build order — Lence4
First 150 of 154 actions detected
| 0:06 | Build | Town Center |
| 0:44 | Build | Mill |
| 1:41 | Build | House |
| 1:42 | Build | House |
| 1:44 | Build | House |
| 2:44 | Create | Villager (Male) ×4 |
| 2:44 | Create | Villager (Male) ×4 |
| 2:47 | Research | Loom |
| 3:45 | Create | Villager (Male) |
| 3:45 | Create | Villager (Male) |
| 4:07 | Create | Villager (Male) |
| 4:07 | Create | Villager (Male) |
| 4:46 | Create | Villager (Male) |
| 4:46 | Create | Villager (Male) |
| 5:15 | Create | Villager (Male) |
| 5:15 | Create | Villager (Male) |
| 6:03 | Create | Villager (Male) |
| 6:04 | Create | Villager (Male) |
| 6:22 | Create | Villager (Male) |
| 6:23 | Create | Villager (Male) |
| 7:28 | Create | Villager (Male) |
| 7:28 | Create | Villager (Male) |
| 7:30 | Create | Villager (Male) |
| 7:30 | Create | Villager (Male) |
| 7:42 | Create | Villager (Male) |
| 7:42 | Create | Villager (Male) |
| 8:08 | Create | Villager (Male) |
| 8:09 | Create | Villager (Male) |
| 8:43 | Create | Villager (Male) |
| 8:43 | Create | Villager (Male) |
| 9:05 | Build | Dock |
| 9:10 | Create | Villager (Male) |
| 9:10 | Create | Villager (Male) |
| 9:11 | Create | Villager (Male) |
| 9:11 | Create | Villager (Male) |
| 9:37 | Build | House |
| 9:43 | Build | House |
| 9:48 | Create | Fishing Ship |
| 10:39 | Create | Fishing Ship |
| 10:40 | Create | Fishing Ship |
| 11:06 | Create | Fishing Ship |
| 11:06 | Create | Fishing Ship |
| 11:12 | Create | Villager (Male) |
| 11:12 | Create | Villager (Male) |
| 11:53 | Build | Mill |
| 11:57 | Build | House |
| 12:19 | Build | House |
| 12:35 | Research | Feudal Age |
| 12:40 | Create | Fishing Ship |
| 12:54 | Build | House |
| 13:19 | Build | Mining Camp |
| 13:38 | Build | House |
| 14:00 | Create | Fishing Ship |
| 14:20 | Create | Fishing Ship |
| 14:45 | Age | Feudal Age |
| 15:07 | Build | Lumber Camp |
| 15:12 | Create | Villager (Male) |
| 15:12 | Create | Villager (Male) |
| 15:12 | Create | Villager (Male) |
| 15:12 | Create | Villager (Male) |
| 15:13 | Create | Villager (Male) |
| 15:13 | Create | Villager (Male) |
| 15:13 | Create | Villager (Male) |
| 15:13 | Create | Villager (Male) |
| 15:14 | Create | Villager (Male) |
| 15:14 | Create | Villager (Male) |
| 15:14 | Create | Villager (Male) |
| 15:14 | Create | Villager (Male) |
| 15:15 | Create | Villager (Male) |
| 15:15 | Create | Villager (Male) |
| 15:44 | Build | Stone Wall |
| 16:05 | Research | Tech 906 |
| 16:06 | Create | Fishing Ship |
| 16:06 | Create | Fishing Ship |
| 16:20 | Build | Stone Wall |
| 16:24 | Build | Building 487 |
| 16:40 | Build | Farm |
| 16:46 | Create | Villager (Male) |
| 16:46 | Create | Villager (Male) |
| 16:46 | Create | Villager (Male) |
| 16:54 | Create | Fishing Ship |
| 17:17 | Build | Watch Tower |
| 17:37 | Research | Double-Bit Axe |
| 17:47 | Build | Farm |
| 17:53 | Research | Horse Collar |
| 18:06 | Create | Fishing Ship |
| 18:06 | Create | Fishing Ship |
| 18:43 | Build | Stone Wall |
| 19:03 | Build | Farm |
| 19:08 | Research | Wheelbarrow |
| 19:10 | Create | Fishing Ship |
| 19:11 | Create | Fishing Ship |
| 19:11 | Create | Fishing Ship |
| 19:38 | Build | Barracks |
| 20:10 | Build | Market |
| 20:50 | Build | Mining Camp |
| 21:10 | Create | Spearman ×5 |
| 21:10 | Create | Spearman ×5 |
| 21:11 | Create | Spearman |
| 21:11 | Create | Spearman |
| 21:47 | Build | Stone Wall |
| 22:17 | Build | House |
| 22:23 | Build | House |
| 22:24 | Build | House |
| 23:05 | Research | Gold Mining |
| 24:08 | Build | Lumber Camp |
| 24:42 | Build | Town Center |
| 25:11 | Build | Watch Tower |
| 25:37 | Build | House |
| 25:38 | Build | House |
| 25:39 | Build | House |
| 26:04 | Create | Villager (Male) ×5 |
| 26:04 | Create | Villager (Male) ×5 |
| 26:04 | Create | Villager (Male) ×5 |
| 26:05 | Create | Villager (Male) ×5 |
| 26:10 | Build | Watch Tower |
| 26:45 | Build | Stone Wall |
| 27:34 | Build | Blacksmith |
| 27:43 | Build | Dock |
| 27:49 | Build | Mining Camp |
| 28:00 | Research | Fletching |
| 28:00 | Research | Padded Archer Armor |
| 28:46 | Create | Fishing Ship |
| 28:46 | Create | Fishing Ship |
| 28:47 | Create | Fishing Ship |
| 28:47 | Create | Fishing Ship |
| 28:47 | Create | Fishing Ship |
| 28:59 | Build | Watch Tower |
| 29:37 | Build | Fish Trap |
| 30:11 | Build | Fish Trap |
| 30:30 | Research | Castle Age |
| 30:30 | Research | Castle Age |
| 30:47 | Build | Watch Tower |
| 30:53 | Build | Lumber Camp |
| 31:00 | Build | Fish Trap |
| 31:53 | Build | Fish Trap |
| 31:56 | Create | Fishing Ship |
| 32:03 | Create | Villager (Male) |
| 32:04 | Create | Villager (Male) |
| 32:04 | Create | Villager (Male) |
| 32:04 | Create | Villager (Male) |
| 32:19 | Build | Fish Trap |
| 32:27 | Build | Archery Range |
| 32:32 | Build | Archery Range |
| 33:04 | Build | Fish Trap |
| 33:06 | Create | Fishing Ship |
| 33:10 | Age | Castle Age |
| 33:21 | Build | Castle |
| 33:26 | Build | Lumber Camp |
| 33:34 | Build | Watch Tower |
Build order — MsR money
First 150 of 266 actions detected
| 1:01 | Build | Town Center |
| 1:54 | Build | Dock |
| 2:54 | Build | House |
| 2:59 | Build | House |
| 3:38 | Create | Villager (Male) |
| 3:39 | Create | Villager (Male) |
| 3:39 | Create | Villager (Male) |
| 3:40 | Create | Villager (Male) |
| 3:40 | Create | Villager (Male) |
| 3:47 | Research | Loom |
| 4:48 | Create | Villager (Male) |
| 4:48 | Create | Villager (Male) |
| 5:21 | Create | Villager (Male) |
| 5:21 | Create | Villager (Male) |
| 6:06 | Create | Villager (Male) |
| 6:06 | Create | Villager (Male) |
| 6:22 | Create | Fishing Ship |
| 6:36 | Create | Villager (Male) |
| 6:47 | Build | House |
| 7:06 | Create | Villager (Male) |
| 7:06 | Create | Villager (Male) |
| 7:16 | Create | Fishing Ship |
| 7:42 | Create | Villager (Male) |
| 7:43 | Create | Villager (Male) |
| 7:59 | Create | Fishing Ship |
| 8:13 | Create | Villager (Male) |
| 8:14 | Create | Villager (Male) |
| 8:20 | Create | Fishing Ship |
| 8:38 | Create | Villager (Male) |
| 8:44 | Create | Fishing Ship |
| 8:51 | Build | House |
| 8:53 | Build | House |
| 9:04 | Create | Villager (Male) |
| 9:04 | Create | Villager (Male) |
| 9:29 | Create | Villager (Male) |
| 9:29 | Create | Villager (Male) |
| 9:39 | Create | Fishing Ship |
| 9:39 | Create | Fishing Ship |
| 9:46 | Build | House |
| 9:59 | Create | Villager (Male) |
| 10:00 | Create | Villager (Male) |
| 10:18 | Create | Fishing Ship |
| 10:23 | Build | House |
| 10:28 | Build | House |
| 10:36 | Create | Villager (Male) |
| 10:36 | Create | Villager (Male) |
| 11:13 | Create | Villager (Male) |
| 11:13 | Create | Villager (Male) |
| 11:33 | Create | Villager (Male) |
| 11:33 | Create | Villager (Male) |
| 11:51 | Build | Mining Camp |
| 11:54 | Create | Fishing Ship |
| 11:54 | Create | Fishing Ship |
| 12:04 | Build | Dock |
| 12:08 | Create | Villager (Male) |
| 12:08 | Create | Villager (Male) |
| 12:08 | Create | Villager (Male) |
| 12:09 | Create | Villager (Male) |
| 12:09 | Create | Villager (Male) |
| 12:45 | Create | Fishing Ship |
| 12:45 | Create | Fishing Ship |
| 12:45 | Create | Fishing Ship |
| 12:45 | Create | Fishing Ship |
| 12:45 | Create | Fishing Ship |
| 12:58 | Create | Villager (Male) |
| 12:58 | Create | Villager (Male) |
| 13:10 | Create | Fishing Ship |
| 13:11 | Create | Fishing Ship |
| 13:41 | Create | Villager (Male) |
| 14:03 | Create | Fishing Ship |
| 14:03 | Create | Fishing Ship |
| 14:05 | Create | Fishing Ship |
| 14:08 | Create | Fishing Ship |
| 14:40 | Create | Villager (Male) |
| 14:50 | Build | House |
| 14:53 | Build | House |
| 14:53 | Build | House |
| 14:55 | Build | House |
| 15:17 | Research | Feudal Age |
| 15:27 | Build | Lumber Camp |
| 15:34 | Build | Mill |
| 15:45 | Create | Fishing Ship |
| 15:45 | Create | Fishing Ship |
| 15:50 | Create | Fishing Ship |
| 17:04 | Build | Dock |
| 17:11 | Create | Fishing Ship |
| 17:11 | Create | Fishing Ship |
| 17:14 | Create | Fishing Ship |
| 17:14 | Create | Fishing Ship |
| 17:22 | Build | House |
| 17:24 | Build | House |
| 17:27 | Age | Feudal Age |
| 17:33 | Research | Wheelbarrow |
| 17:37 | Create | Villager (Male) |
| 17:37 | Create | Villager (Male) |
| 17:43 | Research | Double-Bit Axe |
| 18:00 | Build | Market |
| 18:18 | Build | House |
| 18:19 | Build | House |
| 18:21 | Create | Demolition Raft |
| 18:21 | Create | Demolition Raft |
| 18:25 | Create | Fishing Ship |
| 18:25 | Create | Fishing Ship |
| 18:49 | Build | Blacksmith |
| 19:21 | Research | Gold Mining |
| 19:52 | Research | Castle Age |
| 19:53 | Research | Castle Age |
| 20:33 | Build | Dock |
| 20:40 | Create | Fishing Ship |
| 20:40 | Create | Fishing Ship |
| 20:40 | Create | Fishing Ship |
| 20:44 | Research | Tech 906 |
| 21:01 | Create | Villager (Male) ×5 |
| 21:05 | Create | Villager (Male) ×5 |
| 22:32 | Age | Castle Age |
| 22:36 | Build | Town Center |
| 22:51 | Build | Castle |
| 23:04 | Build | House |
| 23:31 | Build | House |
| 23:34 | Build | House |
| 23:35 | Build | House |
| 23:36 | Build | House |
| 23:55 | Research | Hand Cart |
| 23:56 | Create | Villager (Male) ×5 |
| 23:56 | Create | Villager (Male) ×5 |
| 24:58 | Create | Villager (Male) |
| 24:58 | Create | Villager (Male) |
| 24:59 | Create | Villager (Male) |
| 24:59 | Create | Villager (Male) |
| 24:59 | Create | Villager (Male) |
| 25:00 | Create | Villager (Male) |
| 25:13 | Build | Barracks |
| 25:18 | Build | Barracks |
| 25:39 | Research | Pikeman (upgrade) |
| 25:39 | Research | Squires |
| 26:09 | Build | Town Center |
| 27:14 | Build | Town Center |
| 27:32 | Create | Villager (Male) ×5 |
| 27:32 | Create | Villager (Male) ×5 |
| 27:35 | Research | Imperial Age |
| 27:36 | Research | Town Watch |
| 28:22 | Create | Villager (Male) ×2 |
| 28:22 | Create | Villager (Male) ×2 |
| 28:41 | Build | House |
| 28:42 | Build | House |
| 28:43 | Build | House |
| 28:45 | Build | House |
| 28:46 | Build | House |
| 29:02 | Build | Fish Trap |
| 29:03 | Build | Fish Trap |
Build order — -
122 actions detected in the replay
| 2:13 | Build | Town Center |
| 3:56 | Build | Lumber Camp |
| 3:59 | Create | Villager (Male) |
| 3:59 | Create | Villager (Male) |
| 4:00 | Create | Villager (Male) |
| 4:09 | Create | Villager (Male) |
| 4:52 | Build | House |
| 5:11 | Build | House |
| 5:12 | Build | House |
| 5:15 | Build | House |
| 5:17 | Build | House |
| 5:18 | Build | House |
| 5:21 | Build | House |
| 5:39 | Create | Villager (Male) |
| 6:10 | Create | Villager (Male) |
| 8:00 | Create | Villager (Male) |
| 8:35 | Create | Villager (Male) |
| 9:00 | Build | Mill |
| 9:33 | Create | Villager (Male) |
| 10:20 | Create | Villager (Male) |
| 11:01 | Build | Farm |
| 11:03 | Build | Farm |
| 11:13 | Create | Villager (Male) |
| 11:16 | Create | Villager (Male) |
| 11:42 | Build | Farm |
| 12:07 | Build | Farm |
| 12:24 | Build | Farm |
| 12:32 | Create | Villager (Male) |
| 12:35 | Create | Villager (Male) |
| 12:52 | Build | Farm |
| 13:01 | Build | Farm |
| 13:22 | Build | House |
| 13:36 | Create | Villager (Male) |
| 13:47 | Build | Farm |
| 14:13 | Build | Farm |
| 14:18 | Create | Villager (Male) |
| 14:24 | Create | Villager (Male) |
| 15:08 | Build | House |
| 15:18 | Create | Villager (Male) |
| 15:21 | Create | Villager (Male) |
| 15:51 | Build | Mill |
| 15:54 | Build | Farm |
| 16:02 | Build | Farm |
| 16:11 | Create | Villager (Male) |
| 16:27 | Build | Mining Camp |
| 16:42 | Create | Villager (Male) |
| 16:45 | Create | Villager (Male) |
| 17:19 | Build | Farm |
| 17:36 | Build | Palisade Wall |
| 17:38 | Build | Palisade Wall |
| 17:55 | Create | Villager (Male) |
| 18:11 | Create | Villager (Male) |
| 18:32 | Build | Mining Camp |
| 18:41 | Create | Villager (Male) |
| 18:50 | Create | Villager (Male) |
| 19:30 | Create | Villager (Male) |
| 19:53 | Create | Villager (Male) |
| 19:59 | Research | Feudal Age |
| 20:05 | Create | Villager (Male) |
| 20:22 | Create | Villager (Male) |
| 20:48 | Build | Palisade Wall |
| 21:16 | Build | Palisade Wall |
| 21:24 | Create | Villager (Male) |
| 21:37 | Build | Lumber Camp |
| 22:01 | Build | Farm |
| 22:13 | Age | Feudal Age |
| 22:19 | Research | Gold Mining |
| 22:23 | Research | Horse Collar |
| 22:30 | Research | Stone Mining |
| 22:53 | Build | Blacksmith |
| 23:15 | Research | Wheelbarrow |
| 23:59 | Build | Market |
| 24:09 | Research | Scale Mail Armor |
| 24:20 | Create | Villager (Male) |
| 24:44 | Create | Villager (Male) |
| 24:47 | Build | Farm |
| 24:59 | Build | Farm |
| 25:10 | Create | Villager (Male) |
| 25:34 | Research | Double-Bit Axe |
| 25:45 | Create | Villager (Male) |
| 26:26 | Build | Watch Tower |
| 26:49 | Create | Villager (Male) |
| 26:51 | Create | Villager (Male) |
| 27:27 | Build | Farm |
| 27:35 | Create | Villager (Male) |
| 28:03 | Research | Forging |
| 28:09 | Create | Villager (Male) |
| 28:40 | Create | Trade Cart |
| 28:41 | Create | Trade Cart |
| 28:49 | Create | Villager (Male) |
| 29:43 | Research | Castle Age |
| 29:44 | Create | Villager (Male) |
| 31:36 | Research | Town Watch |
| 32:23 | Age | Castle Age |
| 32:36 | Create | Villager (Male) |
| 32:37 | Create | Villager (Male) |
| 32:37 | Create | Villager (Male) |
| 32:37 | Create | Villager (Male) |
| 33:01 | Build | Castle |
| 34:34 | Create | Samurai |
| 34:48 | Create | Samurai |
| 35:01 | Build | Palisade Wall |
| 35:32 | Create | Samurai |
| 35:35 | Create | Samurai |
| 35:36 | Create | Villager (Male) |
| 35:37 | Create | Villager (Male) |
| 35:56 | Research | Heavy Plow |
| 36:40 | Build | Stone Wall |
| 36:52 | Create | Samurai |
| 36:52 | Create | Samurai |
| 36:54 | Create | Samurai |
| 36:55 | Create | Samurai |
| 37:24 | Create | Villager (Male) |
| 37:26 | Create | Villager (Male) |
| 38:13 | Build | Watch Tower |
| 38:32 | Create | Villager (Male) |
| 38:33 | Create | Villager (Male) |
| 38:33 | Create | Villager (Male) |
| 38:33 | Create | Villager (Male) |
| 39:39 | Create | Samurai |
| 39:39 | Create | Samurai |
| 39:39 | Create | Samurai |
Build order — 妹妹好无聊啊
First 150 of 276 actions detected
| 1:36 | Build | Town Center |
| 3:32 | Build | House |
| 3:35 | Create | Villager (Male) ×4 |
| 4:01 | Build | House |
| 4:32 | Build | House |
| 5:01 | Build | House |
| 5:17 | Create | Villager (Male) |
| 5:17 | Create | Villager (Male) |
| 5:48 | Create | Villager (Male) |
| 6:05 | Create | Villager (Male) |
| 6:40 | Create | Villager (Male) |
| 7:08 | Create | Villager (Male) |
| 7:20 | Create | Villager (Male) |
| 7:50 | Create | Villager (Male) |
| 8:27 | Create | Villager (Male) |
| 8:28 | Create | Villager (Male) |
| 8:47 | Create | Villager (Male) |
| 9:36 | Create | Villager (Male) |
| 9:36 | Create | Villager (Male) |
| 9:45 | Build | Mill |
| 9:55 | Build | Mill |
| 9:59 | Create | Villager (Male) |
| 9:59 | Create | Villager (Male) |
| 10:10 | Create | Villager (Male) |
| 10:17 | Create | Villager (Male) |
| 10:36 | Create | Villager (Male) |
| 11:47 | Build | Mining Camp |
| 11:53 | Create | Villager (Male) |
| 11:58 | Create | Villager (Male) |
| 12:38 | Research | Feudal Age |
| 13:28 | Create | Villager (Male) |
| 13:43 | Create | Villager (Male) |
| 14:13 | Build | House |
| 14:52 | Build | House |
| 15:12 | Age | Feudal Age |
| 15:15 | Research | Horse Collar |
| 15:25 | Build | Farm |
| 15:25 | Build | Farm |
| 15:26 | Build | Farm |
| 15:26 | Build | Farm |
| 15:26 | Build | Farm |
| 15:28 | Build | Farm |
| 15:28 | Build | Farm |
| 15:39 | Build | House |
| 15:41 | Create | Villager (Male) |
| 15:51 | Build | Farm |
| 16:05 | Build | House |
| 16:15 | Create | Villager (Male) |
| 16:23 | Build | Farm |
| 16:29 | Build | Farm |
| 16:36 | Build | Blacksmith |
| 16:39 | Create | Villager (Male) |
| 17:01 | Create | Villager (Male) |
| 17:09 | Build | Farm |
| 17:22 | Build | Market |
| 17:26 | Create | Villager (Male) |
| 17:52 | Build | Farm |
| 18:14 | Build | Farm |
| 18:34 | Build | Barracks |
| 18:36 | Research | Castle Age |
| 19:35 | Build | Stable |
| 19:37 | Research | Forging |
| 20:00 | Build | Lumber Camp |
| 20:17 | Create | Villager (Male) |
| 20:32 | Build | Stable |
| 20:41 | Create | Scout Cavalry |
| 20:44 | Create | Scout Cavalry |
| 21:08 | Research | Double-Bit Axe |
| 21:16 | Age | Castle Age |
| 21:20 | Create | Villager (Male) |
| 21:40 | Build | Town Center |
| 21:43 | Create | Villager (Male) |
| 21:51 | Build | Farm |
| 22:09 | Research | Light Cavalry (upgrade) |
| 22:11 | Create | Scout Cavalry |
| 22:12 | Create | Scout Cavalry |
| 22:15 | Create | Scout Cavalry |
| 22:32 | Create | Villager (Male) |
| 22:34 | Create | Villager (Male) |
| 22:44 | Build | Mill |
| 22:48 | Create | Villager (Male) |
| 23:20 | Create | Villager (Male) |
| 23:21 | Create | Villager (Male) |
| 23:41 | Create | Villager (Male) |
| 23:41 | Create | Villager (Male) |
| 23:52 | Build | Farm |
| 23:53 | Build | Farm |
| 23:56 | Create | Villager (Male) |
| 23:56 | Create | Villager (Male) |
| 24:01 | Build | Farm |
| 24:18 | Create | Villager (Male) |
| 24:19 | Create | Villager (Male) |
| 24:26 | Build | Farm |
| 24:40 | Build | Town Center |
| 24:43 | Create | Villager (Male) |
| 24:44 | Create | Villager (Male) |
| 24:51 | Create | Scout Cavalry |
| 24:51 | Create | Scout Cavalry |
| 24:57 | Build | Farm |
| 25:06 | Create | Villager (Male) |
| 25:25 | Build | Farm |
| 25:43 | Build | Farm |
| 25:45 | Create | Villager (Male) |
| 25:46 | Create | Villager (Male) |
| 25:55 | Create | Villager (Male) |
| 25:56 | Create | Villager (Male) |
| 26:06 | Create | Villager (Male) |
| 26:07 | Create | Villager (Male) |
| 26:08 | Create | Villager (Male) |
| 26:23 | Create | Villager (Male) |
| 26:24 | Create | Villager (Male) |
| 26:29 | Build | Farm |
| 26:41 | Create | Villager (Male) |
| 26:45 | Build | Farm |
| 26:52 | Build | House |
| 26:59 | Build | Farm |
| 27:27 | Build | Mill |
| 27:30 | Create | Villager (Male) |
| 27:30 | Create | Villager (Male) |
| 27:31 | Create | Villager (Male) |
| 27:32 | Create | Villager (Male) |
| 27:35 | Build | Farm |
| 27:44 | Create | Villager (Male) |
| 27:47 | Research | Heavy Plow |
| 28:07 | Create | Villager (Male) |
| 28:08 | Create | Villager (Male) |
| 28:09 | Create | Villager (Male) |
| 28:13 | Build | House |
| 28:19 | Research | Husbandry |
| 28:21 | Create | Scout Cavalry |
| 28:21 | Create | Scout Cavalry |
| 28:22 | Create | Scout Cavalry |
| 28:22 | Create | Scout Cavalry |
| 28:26 | Build | Farm |
| 28:27 | Build | Farm |
| 28:27 | Build | Farm |
| 28:27 | Build | Farm |
| 28:27 | Build | Farm |
| 28:28 | Build | Farm |
| 28:34 | Build | Farm |
| 28:39 | Build | House |
| 28:41 | Build | House |
| 28:42 | Build | House |
| 28:44 | Create | Villager (Male) |
| 28:45 | Create | Villager (Male) |
| 28:45 | Create | Villager (Male) |
| 28:49 | Build | Farm |
| 28:54 | Build | Farm |
| 29:06 | Create | Villager (Male) |
| 29:07 | Create | Villager (Male) |
Build order — vince69140
115 actions detected in the replay
| 1:55 | Build | Town Center |
| 2:27 | Build | House |
| 2:30 | Build | House |
| 3:52 | Create | Villager (Male) |
| 3:52 | Create | Villager (Male) |
| 3:52 | Create | Villager (Male) |
| 3:52 | Create | Villager (Male) |
| 3:52 | Create | Villager (Male) |
| 5:17 | Create | Villager (Male) |
| 6:05 | Create | Villager (Male) |
| 6:06 | Create | Villager (Male) |
| 6:51 | Build | Barracks |
| 6:55 | Create | Villager (Male) |
| 6:55 | Create | Villager (Male) |
| 7:24 | Build | House |
| 8:18 | Build | Mill |
| 8:27 | Create | Villager (Male) |
| 8:27 | Create | Villager (Male) |
| 9:20 | Create | Villager (Male) |
| 10:01 | Create | Villager (Male) |
| 10:01 | Create | Villager (Male) |
| 10:18 | Build | Dock |
| 10:25 | Create | Villager (Male) |
| 10:47 | Create | Villager (Male) |
| 11:07 | Build | House |
| 11:23 | Create | Fishing Ship |
| 11:28 | Create | Villager (Male) |
| 11:40 | Build | House |
| 11:58 | Create | Villager (Male) |
| 12:07 | Create | Fishing Ship |
| 12:08 | Create | Fishing Ship |
| 12:33 | Create | Villager (Male) |
| 12:35 | Create | Villager (Male) |
| 12:53 | Create | Fishing Ship |
| 13:20 | Build | House |
| 13:40 | Create | Fishing Ship |
| 13:41 | Create | Fishing Ship |
| 13:49 | Create | Militia |
| 14:57 | Create | Villager (Male) |
| 14:59 | Create | Villager (Male) |
| 15:04 | Build | House |
| 15:13 | Create | Fishing Ship |
| 15:14 | Create | Fishing Ship |
| 15:14 | Create | Fishing Ship |
| 15:14 | Create | Fishing Ship |
| 15:43 | Research | Loom |
| 16:24 | Research | Feudal Age |
| 17:12 | Build | House |
| 17:16 | Create | Villager (Male) |
| 17:16 | Create | Villager (Male) |
| 18:34 | Age | Feudal Age |
| 18:47 | Build | Stable |
| 18:53 | Create | Flemish Militia |
| 18:54 | Create | Flemish Militia |
| 18:58 | Create | Spearman |
| 18:58 | Create | Spearman |
| 19:40 | Build | Mining Camp |
| 19:43 | Create | Villager (Male) |
| 19:44 | Create | Villager (Male) |
| 19:52 | Create | Scout Cavalry |
| 19:53 | Create | Scout Cavalry |
| 22:10 | Create | Villager (Male) |
| 22:10 | Create | Villager (Male) |
| 22:10 | Create | Villager (Male) |
| 22:12 | Create | Villager (Male) |
| 22:14 | Create | Villager (Male) |
| 22:49 | Build | House |
| 22:49 | Build | House |
| 22:51 | Build | House |
| 22:52 | Build | House |
| 24:03 | Build | Blacksmith |
| 24:17 | Build | Market |
| 24:24 | Build | Mining Camp |
| 24:44 | Research | Arson |
| 24:46 | Research | Man-at-Arms (upgrade) |
| 24:51 | Research | Forging |
| 24:51 | Research | Scale Mail Armor |
| 25:15 | Create | Villager (Male) |
| 25:15 | Create | Villager (Male) |
| 25:15 | Create | Villager (Male) |
| 25:21 | Research | Castle Age |
| 26:28 | Build | Archery Range |
| 26:30 | Build | Archery Range |
| 26:32 | Build | Archery Range |
| 26:34 | Build | Archery Range |
| 26:49 | Build | Watch Tower |
| 27:44 | Build | Dock |
| 27:52 | Create | Skirmisher ×5 |
| 27:52 | Create | Skirmisher ×5 |
| 27:58 | Research | Fletching |
| 27:58 | Research | Padded Archer Armor |
| 28:03 | Age | Castle Age |
| 28:21 | Build | Mining Camp |
| 28:42 | Build | House |
| 28:43 | Build | House |
| 28:45 | Build | House |
| 28:53 | Create | Fishing Ship ×5 |
| 28:54 | Create | Fishing Ship ×5 |
| 29:12 | Research | Elite Skirmisher (upgrade) |
| 29:14 | Create | Skirmisher ×5 |
| 29:18 | Create | Skirmisher ×5 |
| 31:00 | Create | Villager (Male) |
| 31:00 | Create | Villager (Male) |
| 31:00 | Create | Villager (Male) |
| 31:00 | Create | Villager (Male) |
| 31:01 | Create | Villager (Male) |
| 31:01 | Create | Villager (Male) |
| 31:01 | Create | Villager (Male) |
| 31:33 | Build | Mining Camp |
| 32:17 | Build | Castle |
| 32:51 | Build | House |
| 32:53 | Build | House |
| 32:54 | Build | House |
| 32:55 | Build | House |
| 32:56 | Build | House |
Build order — 小北同学
First 150 of 153 actions detected
| 0:08 | Build | Town Center |
| 2:32 | Create | Villager (Male) |
| 2:32 | Create | Villager (Male) |
| 2:32 | Create | Villager (Male) |
| 2:33 | Create | Villager (Male) |
| 3:30 | Create | Villager (Male) |
| 3:30 | Create | Villager (Male) |
| 4:20 | Create | Villager (Male) |
| 4:39 | Create | Villager (Male) |
| 4:39 | Create | Villager (Male) |
| 5:15 | Create | Villager (Male) |
| 5:15 | Create | Villager (Male) |
| 5:57 | Build | Mill |
| 6:07 | Create | Villager (Male) |
| 6:07 | Create | Villager (Male) |
| 6:08 | Create | Villager (Male) |
| 7:03 | Create | Villager (Male) |
| 7:04 | Create | Villager (Male) |
| 7:42 | Create | Villager (Male) |
| 7:42 | Create | Villager (Male) |
| 7:42 | Create | Villager (Male) |
| 8:20 | Create | Villager (Male) |
| 8:21 | Create | Villager (Male) |
| 8:21 | Create | Villager (Male) |
| 8:45 | Build | Barracks |
| 8:55 | Create | Villager (Male) |
| 8:56 | Create | Villager (Male) |
| 9:38 | Build | Mining Camp |
| 9:41 | Create | Villager (Male) |
| 9:41 | Create | Villager (Male) |
| 9:41 | Create | Villager (Male) |
| 9:42 | Create | Villager (Male) |
| 10:04 | Create | Villager (Male) |
| 10:29 | Create | Villager (Male) |
| 10:29 | Create | Villager (Male) |
| 11:10 | Create | Militia |
| 11:15 | Create | Militia |
| 11:15 | Create | Militia |
| 11:31 | Build | Farm |
| 11:38 | Build | Farm |
| 11:43 | Create | Villager (Male) |
| 12:03 | Build | Farm |
| 12:13 | Create | Villager (Male) |
| 12:25 | Create | Villager (Male) |
| 12:51 | Build | Mill |
| 13:20 | Create | Villager (Male) |
| 13:21 | Create | Villager (Male) |
| 14:20 | Create | Villager (Male) |
| 14:53 | Create | Villager (Male) |
| 15:11 | Build | Mill |
| 15:28 | Research | Feudal Age |
| 16:09 | Create | Militia |
| 16:10 | Create | Militia |
| 16:10 | Create | Militia |
| 16:15 | Create | Villager (Male) |
| 16:15 | Create | Villager (Male) |
| 17:38 | Age | Feudal Age |
| 17:41 | Create | Villager (Male) |
| 17:46 | Build | Stable |
| 17:51 | Build | Archery Range |
| 18:01 | Build | Blacksmith |
| 18:19 | Create | Villager (Male) |
| 18:19 | Create | Villager (Male) |
| 18:48 | Create | Villager (Male) |
| 18:57 | Build | Lumber Camp |
| 19:04 | Create | Archer |
| 19:05 | Create | Archer |
| 19:05 | Create | Archer |
| 19:40 | Create | Villager (Male) |
| 19:41 | Create | Villager (Male) |
| 19:41 | Create | Villager (Male) |
| 21:01 | Create | Villager (Male) |
| 21:02 | Create | Villager (Male) |
| 21:48 | Create | Villager (Male) |
| 21:54 | Create | Scout Cavalry |
| 21:54 | Create | Scout Cavalry |
| 22:24 | Build | Mill |
| 22:33 | Build | Lumber Camp |
| 23:22 | Research | Castle Age |
| 23:23 | Research | Wheelbarrow |
| 23:26 | Research | Double-Bit Axe |
| 24:07 | Create | Scout Cavalry |
| 24:08 | Create | Scout Cavalry |
| 24:08 | Create | Scout Cavalry |
| 24:11 | Create | Villager (Male) |
| 24:12 | Create | Villager (Male) |
| 24:40 | Build | Mining Camp |
| 25:41 | Research | Bloodlines |
| 25:42 | Create | Scout Cavalry |
| 25:42 | Create | Scout Cavalry |
| 25:52 | Research | Forging |
| 25:56 | Create | Villager (Male) |
| 25:56 | Create | Villager (Male) |
| 26:02 | Age | Castle Age |
| 26:10 | Create | Villager (Male) |
| 26:13 | Create | Cavalry Archer |
| 26:14 | Create | Cavalry Archer |
| 26:14 | Create | Cavalry Archer |
| 26:14 | Create | Cavalry Archer |
| 26:14 | Create | Cavalry Archer |
| 26:46 | Build | Mining Camp |
| 26:56 | Create | Villager (Male) |
| 26:56 | Create | Villager (Male) |
| 26:59 | Create | Cavalry Archer |
| 26:59 | Create | Cavalry Archer |
| 27:00 | Create | Cavalry Archer |
| 27:08 | Research | Fletching |
| 27:20 | Build | Farm |
| 27:20 | Build | Farm |
| 27:20 | Build | Farm |
| 27:21 | Build | Farm |
| 27:21 | Build | Farm |
| 27:21 | Build | Farm |
| 27:21 | Build | Farm |
| 27:22 | Build | Farm |
| 27:48 | Create | Villager (Male) |
| 28:42 | Create | Cavalry Archer |
| 29:24 | Create | Villager (Male) |
| 29:25 | Create | Villager (Male) |
| 29:44 | Research | Husbandry |
| 31:42 | Create | Villager (Male) |
| 31:43 | Create | Villager (Male) |
| 31:47 | Create | Cavalry Archer |
| 31:47 | Create | Cavalry Archer |
| 31:47 | Create | Cavalry Archer |
| 32:09 | Build | Castle |
| 32:20 | Create | Villager (Male) |
| 32:20 | Create | Villager (Male) |
| 33:28 | Research | Bodkin Arrow |
| 33:40 | Build | Farm |
| 33:41 | Build | Farm |
| 33:41 | Build | Farm |
| 33:41 | Build | Farm |
| 33:41 | Build | Farm |
| 33:41 | Build | Farm |
| 33:42 | Build | Farm |
| 33:42 | Build | Farm |
| 33:42 | Build | Farm |
| 34:41 | Create | Tarkan |
| 34:41 | Create | Tarkan |
| 34:42 | Create | Tarkan |
| 36:15 | Research | Hand Cart |
| 36:16 | Create | Villager (Male) |
| 36:16 | Create | Villager (Male) |
| 36:16 | Create | Villager (Male) |
| 36:26 | Research | Thumb Ring |
| 36:28 | Create | Cavalry Archer |
| 36:28 | Create | Cavalry Archer |
| 36:28 | Create | Cavalry Archer |
| 37:10 | Create | Cavalry Archer |
Build order — Need
First 150 of 322 actions detected
| 0:12 | Build | House |
| 0:22 | Build | Town Center |
| 2:06 | Build | Dock |
| 2:45 | Create | Villager (Male) ×4 |
| 2:45 | Create | Villager (Male) ×4 |
| 2:45 | Create | Villager (Male) ×4 |
| 4:12 | Create | Fishing Ship |
| 4:13 | Create | Fishing Ship |
| 4:13 | Create | Fishing Ship |
| 4:23 | Research | Loom |
| 4:23 | Research | Loom |
| 4:23 | Research | Loom |
| 4:26 | Build | House |
| 4:39 | Create | Villager (Male) |
| 4:39 | Create | Villager (Male) |
| 4:59 | Create | Villager (Male) |
| 4:59 | Create | Villager (Male) |
| 4:59 | Create | Villager (Male) |
| 5:18 | Create | Villager (Male) |
| 5:19 | Create | Villager (Male) |
| 5:19 | Create | Villager (Male) |
| 5:49 | Create | Fishing Ship |
| 5:49 | Create | Fishing Ship |
| 5:58 | Create | Villager (Male) |
| 5:58 | Create | Villager (Male) |
| 5:58 | Create | Villager (Male) |
| 6:02 | Create | Villager (Male) |
| 6:02 | Create | Villager (Male) |
| 6:12 | Build | House |
| 6:49 | Create | Villager (Male) ×2 |
| 6:49 | Create | Villager (Male) ×2 |
| 6:49 | Create | Villager (Male) ×2 |
| 7:10 | Create | Fishing Ship |
| 7:10 | Create | Fishing Ship |
| 7:10 | Create | Fishing Ship |
| 7:13 | Build | House |
| 7:15 | Create | Villager (Male) |
| 7:15 | Create | Villager (Male) |
| 7:15 | Create | Villager (Male) |
| 7:30 | Create | Fishing Ship |
| 7:31 | Create | Fishing Ship |
| 7:56 | Create | Villager (Male) ×2 |
| 7:56 | Create | Villager (Male) ×2 |
| 8:25 | Create | Fishing Ship |
| 8:26 | Create | Fishing Ship |
| 8:36 | Create | Villager (Male) |
| 8:36 | Create | Villager (Male) |
| 8:36 | Create | Villager (Male) |
| 8:52 | Build | House |
| 8:54 | Create | Villager (Male) |
| 8:54 | Create | Villager (Male) |
| 9:09 | Create | Villager (Male) ×3 |
| 9:09 | Create | Villager (Male) ×3 |
| 9:13 | Create | Villager (Male) |
| 9:14 | Create | Villager (Male) |
| 9:14 | Create | Villager (Male) |
| 9:21 | Build | House |
| 9:37 | Create | Fishing Ship |
| 9:37 | Create | Fishing Ship |
| 9:52 | Create | Fishing Ship |
| 9:55 | Create | Villager (Male) |
| 9:56 | Create | Villager (Male) |
| 9:56 | Create | Villager (Male) |
| 10:13 | Build | Dock |
| 10:14 | Create | Villager (Male) |
| 10:14 | Create | Villager (Male) |
| 10:36 | Build | Mining Camp |
| 10:45 | Create | Fishing Ship |
| 10:46 | Create | Fishing Ship |
| 10:46 | Create | Fishing Ship |
| 10:57 | Create | Villager (Male) |
| 10:57 | Create | Villager (Male) |
| 10:57 | Create | Villager (Male) |
| 11:05 | Create | Villager (Male) |
| 11:21 | Create | Fishing Ship |
| 11:22 | Create | Fishing Ship |
| 11:22 | Create | Fishing Ship |
| 11:22 | Create | Fishing Ship |
| 11:28 | Create | Villager (Male) |
| 11:28 | Create | Villager (Male) |
| 11:28 | Create | Villager (Male) |
| 11:36 | Create | Villager (Male) |
| 11:36 | Create | Villager (Male) |
| 11:36 | Create | Villager (Male) |
| 11:44 | Build | House |
| 11:45 | Build | House |
| 11:46 | Build | House |
| 11:46 | Build | House |
| 11:57 | Create | Villager (Male) ×5 |
| 11:57 | Create | Villager (Male) ×5 |
| 11:58 | Create | Villager (Male) ×5 |
| 12:03 | Research | Feudal Age |
| 12:03 | Research | Feudal Age |
| 12:04 | Research | Feudal Age |
| 12:19 | Build | Mill |
| 12:42 | Create | Villager (Male) |
| 13:31 | Build | Dock |
| 14:13 | Age | Feudal Age |
| 14:15 | Build | Market |
| 14:17 | Build | Blacksmith |
| 14:23 | Create | Villager (Male) |
| 14:49 | Research | Castle Age |
| 14:50 | Research | Castle Age |
| 14:55 | Build | Mining Camp |
| 15:17 | Research | Tech 906 |
| 15:17 | Research | Tech 906 |
| 15:17 | Research | Tech 906 |
| 15:24 | Build | Lumber Camp |
| 15:26 | Create | Villager (Male) |
| 15:44 | Research | Double-Bit Axe |
| 15:44 | Research | Double-Bit Axe |
| 15:44 | Research | Double-Bit Axe |
| 17:43 | Age | Castle Age |
| 17:44 | Research | Bow Saw |
| 17:44 | Research | Bow Saw |
| 17:45 | Research | Bow Saw |
| 17:46 | Research | Gillnets |
| 17:46 | Research | Gillnets |
| 17:47 | Create | Villager (Male) |
| 18:07 | Create | Villager (Male) |
| 18:19 | Create | Fishing Ship |
| 18:19 | Create | Fishing Ship |
| 18:19 | Create | Fishing Ship |
| 18:20 | Create | Fishing Ship |
| 18:23 | Build | House |
| 18:24 | Build | House |
| 18:24 | Build | House |
| 18:24 | Build | House |
| 18:25 | Build | House |
| 18:25 | Build | House |
| 18:25 | Build | House |
| 18:45 | Create | Villager (Male) |
| 18:50 | Create | Villager (Male) |
| 19:26 | Create | Villager (Male) |
| 19:34 | Create | Villager (Male) |
| 19:52 | Build | Castle |
| 19:57 | Create | Villager (Male) |
| 20:15 | Research | Wheelbarrow |
| 20:29 | Build | Lumber Camp |
| 20:41 | Create | Villager (Male) |
| 20:43 | Create | Conquistador |
| 20:43 | Create | Conquistador |
| 20:44 | Create | Conquistador |
| 21:13 | Create | Conquistador |
| 21:19 | Create | Conquistador |
| 21:37 | Create | Conquistador |
| 21:48 | Create | Conquistador |
| 21:55 | Create | Conquistador |
| 22:04 | Build | Dock |
| 22:07 | Create | Fishing Ship |
Match timeline
| 1:54 | MsR money · first_building Dock |
| 2:06 | Need · first_building Dock |
| 6:51 | vince69140 · first_building Barracks |
| 8:45 | 小北同学 · first_building Barracks |
| 9:05 | Lence4 · first_building Dock |
| 10:18 | vince69140 · first_building Dock |
| 14:13 | Need · age_up feudal |
| 14:45 | Lence4 · age_up feudal |
| 15:12 | 妹妹好无聊啊 · age_up feudal |
| 15:44 | Lence4 · wall_segment Stone Wall x7 |
| 16:20 | Lence4 · wall_segment Stone Wall x14 |
| 17:27 | MsR money · age_up feudal |
| 17:36 | - · wall_segment Palisade Wall x1 |
| 17:38 | - · wall_segment Palisade Wall x1 |
| 17:38 | 小北同学 · age_up feudal |
| 17:43 | Need · age_up castle |
| 17:46 | 小北同学 · first_building Stable |
| 17:51 | 小北同学 · first_building Archery Range |
| 18:34 | vince69140 · age_up feudal |
| 18:34 | 妹妹好无聊啊 · first_building Barracks |
| 18:43 | Lence4 · wall_segment Stone Wall x19 |
| 18:47 | vince69140 · first_building Stable |
| 19:35 | 妹妹好无聊啊 · first_building Stable |
| 19:38 | Lence4 · first_building Barracks |
| 19:52 | Need · first_building Castle |
| 20:48 | - · wall_segment Palisade Wall x12 |
| 21:16 | 妹妹好无聊啊 · age_up castle |
| 21:16 | - · wall_segment Palisade Wall x1 |
| 21:47 | Lence4 · wall_segment Stone Wall x1 |
| 22:13 | - · age_up feudal |
| 22:32 | MsR money · age_up castle |
| 22:51 | MsR money · first_building Castle |
| 23:15 | Need · first_building Barracks |
| 24:03 | Need · first_building Stable |
| 24:57 | Lence4 · first_market_buy 500 stone |
| 25:13 | MsR money · first_building Barracks |
| 26:02 | 小北同学 · age_up castle |
| 26:28 | vince69140 · first_building Archery Range |
| 26:45 | Lence4 · wall_segment Stone Wall x1 |
| 28:03 | vince69140 · age_up castle |
| 30:12 | 妹妹好无聊啊 · first_building Monastery |
| 30:18 | Need · age_up imperial |
| 30:45 | MsR money · age_up imperial |
| 32:09 | 小北同学 · first_building Castle |
| 32:17 | vince69140 · first_building Castle |
| 32:23 | - · age_up castle |
| 32:27 | Lence4 · first_building Archery Range |
| 32:50 | - · first_market_buy 100 stone |
| 33:01 | - · first_building Castle |
| 33:04 | MsR money · first_building Monastery |
| 33:10 | Lence4 · age_up castle |
| 33:21 | Lence4 · first_building Castle |
| 33:56 | Lence4 · resign |
| 34:23 | 妹妹好无聊啊 · first_market_buy 100 wood |
| 34:26 | 妹妹好无聊啊 · first_market_sell 100 wood |
| 35:01 | - · wall_segment Palisade Wall x1 |
| 35:46 | Need · first_market_sell 100 food |
| 36:40 | - · wall_segment Stone Wall x24 |
| 37:42 | 妹妹好无聊啊 · age_up imperial |
| 39:16 | 小北同学 · first_building Monastery |
[ AI ANALYSIS · 1 CREDIT ]
What really happened in this match?
Wolo.gg analyzes every decision: build order, eco, micro, common mistakes by bracket. Personalized analysis on WhatsApp or Discord in 30 seconds.
Civ guide
Hindustanis
Perfil
Jugador #765656